 Dungeon Crawl Stone Soup version 0.29.1-15-g9cfb28693d (webtiles) character file.

Game seed: 7917055911558891552

0 Eitelfritz the Trooper (level 1, 0/19 HPs)
             Began as a Hill Orc Fighter on Apr 15, 2023.
             Constricted to death by a ball python (1 damage)
             ... on level 1 of the Dungeon.
             The game lasted 00:00:06 (52 turns).

Eitelfritz the Trooper (Hill Orc Fighter)             Turns: 52, Time: 00:00:07

Health: 0/19       AC:  6    Str: 18    XL:     1   Next: 0%
Magic:  1/1        EV:  6    Int:  8    God:
Gold:   19         SH:  4    Dex: 10    Spells: 0/0 levels left

rFire   . . .      SeeInvis .   a - +0 war axe
rCold   . . .      Faith    .   c - +0 buckler
rNeg    . . .      Spirit   .   b - +0 scale mail
rPois   .          Reflect  .   (no helmet)
rElec   .          Harm     .   (no cloak)
rCorr   .          Rampage  .   (no gloves)
Will    .....                   (no boots)
Stlth   ..........              (no amulet)
HPRegen 0.06/turn               (no ring)
MPRegen 0.07/turn               (no ring)

@: lethally poisoned (0 -> -5), constricted
A: no striking features
a: no special abilities


You were on level 1 of the Dungeon.
You visited 1 branch of the dungeon, and saw 1 of its levels.

You collected 19 gold pieces.

Inventory:

Hand Weapons
 a - a +0 war axe (weapon)
Armour
 b - a +0 scale mail (worn)
 c - a +0 buckler (worn)
Potions
 d - a potion of might


   Skills:
 + Level 3.6 Fighting
 + Level 2.6 Axes
 + Level 3.2 Armour
 + Level 3.2 Shields


You couldn't memorise any spells.
You didn't know any spells.
Your spell library contained the following spells:

 Spells                   Type           Power      Damage    Failure   Level
 Scorch                   Fire           0%         2d5       95%         2
 Corpse Rot               Necr/Pois/Air  0%         N/A       100%        4
 Dispel Undead            Necr           0%         3d6       100%        4
 Flame Wave               Conj/Fire      0%         2d4       100%        4
 Death Channel            Necr           0%         N/A       100%        6
 Summon Cactus Giant      Summ           0%         N/A       100%        6


Dungeon Overview and Level Annotations

Branches:
Dungeon (1/15)

Altars:


Message History

You add the spells Scorch, Flame Wave and Summon Cactus Giant to your library.
A hobgoblin comes into view.
A hobgoblin is nearby!
Found a stone staircase leading down.
A kobold comes into view. It is wielding a +0 dagger of venom.
The hobgoblin hits you.
A ball python comes into view.
Found a clear potion and a mace.
The hobgoblin barely misses you.
You barely miss the hobgoblin.
The hobgoblin hits you but does no damage.
The hobgoblin hits you.
You barely miss the hobgoblin. The hobgoblin closely misses you.
You closely miss the kobold. You closely miss the hobgoblin.
The hobgoblin barely misses you. The kobold completely misses you.
The ball python barely misses you. The ball python grabs you.
The ball python constricts you.
You closely miss the kobold. You hit the hobgoblin.
You closely miss the ball python. The hobgoblin closely misses you.
The kobold hits you with a +0 dagger of venom.
The ball python bites you. The ball python constricts you.
The kobold hits you but does no damage.
You are poisoned.
The hobgoblin hits you.
You hit the kobold but do no damage. You hit the hobgoblin but do no damage.
You hit the ball python.
You feel very sick. The ball python bites you.
* * * LOW HITPOINT WARNING * * *
The ball python constricts you.
The hobgoblin hits you but does no damage.
The kobold completely misses you. The ball python bites you.
* * * LOW HITPOINT WARNING * * *
The ball python constricts you.
You closely miss the kobold. You hit the hobgoblin.
You kill the hobgoblin!
You completely miss the ball python.
* * * LOW HITPOINT WARNING * * *
You feel sick. The kobold hits you but does no damage.
You block the ball python's attack. The ball python constricts you.
You die...

...........).
............#
!...........# #
..........#.##
.........#..##
#...........#
#..KS......>.
#..@........
#.......### #
####..### .## ##.#
..# #.# #.### #.#
#...#######.#
########........#..#
..#............###.#


You could see a ball python and a kobold.

Vanquished Creatures
  A hobgoblin (D:1)
1 creature vanquished.

Notes
Turn   | Place    | Note
-------+----------+-------------------------------------------
     0 | D:1      | Eitelfritz the Hill Orc Fighter began the quest for the
                  | Orb.
     0 | D:1      | Reached XP level 1. HP: 19/19 MP: 1/1
    52 | D:1      | Constricted to death by a ball python

Illustrated notes

Levels and vault maps discovered:
D:1:      dpeg_arrival_more_subterranean_lakeside_camping, layout_basic,
          serial_shops, nicolae_shop_bloodbath_and_beyond

Action                   || total
-------------------------++-------
Melee: War axe           ||     6
Armor: Scale mail        ||     4
Dodge: Dodged            ||     7
Block: Buckler           ||     1
